 Dungeon Crawl Stone Soup version 0.17.0-24-gcfadda4 (webtiles) character file.

422 M4edhros the Covert (level 6, -1/38 HPs)
             Began as an Octopode Artificer on Nov 16, 2015.
             Killed themself with a badly aimed fireball (15 damage)
             ... on level 5 of the Dungeon.
             The game lasted 00:04:36 (2572 turns).

M4edhros the Covert (Octopode Artificer)            Turns: 2572, Time: 00:04:36

Health: -1/38      AC:  1    Str: 11    XL:     6   Next: 95%
Magic:  9/9        EV: 12    Int: 14    God:
Gold:   105        SH:  0    Dex: 14    Spells: 0 memorised, 5 levels left

rFire  . . .     SeeInvis .     p - +0 trident
rCold  . . .     Clarity  .     (no shield)
rNeg   . . .     SustAt   +     (helmet restricted)
rPois  .         Gourm    .     (no amulet)
rElec  .         Spirit   .     e - ring of sustain attributes
rCorr  .         Warding  .     (no ring)
rMut   .         Stasis   .     (no ring)
MR     .....                    (no ring)
Stlth  +++++.....               (no ring)
                                (no ring)
                                (no ring)
                                (no ring)

@: not resistant to hostile enchantments, quite stealthy
A: almost no armour, amphibious, 8 rings, constrict 8, camouflage 1, gelatinous
body 1
a: no special abilities


You were on level 5 of the Dungeon.
You were not hungry.

You visited 1 branch of the dungeon, and saw 5 of its levels.

You collected 105 gold pieces.

Inventory:

Hand Weapons
 a - a +0 short sword
 p - a +0 trident (weapon)
 r - a +0 hunting sling
 u - a +3 dagger
Missiles
 j - 33 sling bullets
 s - 3 poisoned javelins (quivered)
 t - 82 stones
Jewellery
 e - a ring of sustain attributes (left tentacle)
Wands
 b - a wand of flame (9)
 c - a wand of enslavement (13)
 d - a wand of random effects (4)
Scrolls
 f - 2 scrolls of teleportation {unknown}
 g - 2 scrolls of identify {unknown}
 h - a scroll of noise {unknown}
 i - a scroll of random uselessness {unknown}
 k - 2 scrolls of remove curse {unknown}
 l - a scroll of enchant armour {unknown}
 o - a scroll of enchant weapon {unknown}
Potions
 q - a potion of cancellation {unknown}
 w - a potion of poison {unknown}
Comestibles
 m - 2 fruits
 n - a beef jerky
 v - a bread ration


   Skills:
 - Level 1.0 Fighting
 - Level 1.0 Short Blades
 - Level 2.0 Dodging
 * Level 8.3 Stealth
 + Level 5.2 Evocations


You had 5 spell levels left.
You didn't know any spells.

Dungeon Overview and Level Annotations

Branches:
Dungeon (5/15)
 Temple: D:4-7

Altars:
Kikubaaqudgha
Makhleb
Qazlal


Innate Abilities, Weirdness & Mutations

You cannot wear most types of armour.
You are amphibious.
You can wear up to eight rings at the same time.
You can use your tentacles to constrict eight enemies at once.
Your skin changes colour to match your surroundings (Stealth).
Your rubbery body absorbs attacks (AC +1).


Message History

The gnoll sergeant hits you with a trident of flaming!
The gnoll sergeant burns you.
Drink which item? (? for menu, Esc to quit)
Okay, then.
Evoke which item? (* to show all) (? for menu, Esc to quit)
Zapping:
d - a wand of random effects (5)
Press: ? - help, Shift-Dir - straight line, f - gnoll sergeant
Aim: a gnoll sergeant, wielding a trident of flaming, wearing a ring mail and wearing a shield (moderately wounded, constricted by you)
The gnoll sergeant resists with significant effort.
This wand has 4 charges left.
You constrict the gnoll sergeant. The gnoll sergeant barely misses you.
Evoke which item? (* to show all) (? for menu, Esc to quit)
Zapping:
d - a wand of random effects (4)
Press: ? - help, Shift-Dir - straight line, f/p - gnoll sergeant
Aim: a gnoll sergeant, wielding a trident of flaming, wearing a ring mail and wearing a shield (moderately wounded, constricted by you)
The fireball explodes!
The fireball engulfs the gnoll sergeant.
The gnoll sergeant is heavily wounded.
The fireball engulfs you!
You die...

#..#### ### ...... ....
.....##... ........####
............ ######## #
...>....... ##......#.#
#.......... ##.........#
..#...#### #..........#
..##...### #..@.......#
..##.#...#####>.g.......#
.###.###.....#...>......#
#....# #####.#)(........#
#.#### #.).........## ..#
####........# .##
..........# #
#..†.......# #..........


You could see a gnoll sergeant.

Vanquished Creatures
  An ogre (D:5)
  A sky beast (D:4)
  A crimson imp (D:5)
  A centaur skeleton (D:4)
  An orc wizard (D:4)
  A worker ant zombie (D:5)
  5 gnolls
  2 adders
  An adder skeleton (D:5)
  A giant gecko (D:1)
  5 orcs
  A giant cockroach (D:3)
  6 goblins
  3 hobgoblins
  6 jackals
  4 bats
  4 giant newts
  A kobold (D:3)
  2 rats (D:1)
47 creatures vanquished.

Vanquished Creatures (collateral kills)
  An orc priest (D:5)
  An orc wizard (D:5)
  2 gnolls (D:5)
  A quokka (D:5)
5 creatures vanquished.

Vanquished Creatures (others)
  A gnoll (D:3)
1 creature vanquished.

Grand Total: 53 creatures vanquished

Notes
Turn   | Place    | Note
--------------------------------------------------------------
     0 | D:1      | M4edhros the Octopode Artificer began the quest for the Orb.
     0 | D:1      | Reached XP level 1. HP: 13/13 MP: 3/3
   100 | D:1      | Reached XP level 2. HP: 12/18 MP: 4/4
   725 | D:3      | Reached XP level 3. HP: 21/23 MP: 5/5
   750 | D:3      | Reached skill level 4 in Stealth
  1071 | D:4      | Reached XP level 4. HP: 23/28 MP: 5/7
  1182 | D:4      | Found a burning altar of Makhleb.
  1218 | D:4      | Reached skill level 5 in Stealth
  1434 | D:4      | Noticed a sky beast
  1595 | D:4      | Killed a sky beast
  1595 | D:4      | Reached skill level 6 in Stealth
  1595 | D:4      | Reached XP level 5. HP: 33/33 MP: 8/8
  1910 | D:5      | Entered Level 5 of the Dungeon
  1928 | D:5      | Found an ancient bone altar of Kikubaaqudgha.
  1928 | D:5      | Noticed a human
  1934 | D:5      | Found a stormy altar of Qazlal.
  1936 | D:5      | Noticed a water elemental
  1937 | D:5      | Noticed an air elemental
  1937 | D:5      | Noticed a fire elemental
  1985 | D:5      | Reached skill level 7 in Stealth
  1985 | D:5      | Reached XP level 6. HP: 20/38 MP: 9/9
  2091 | D:5      | Noticed an ogre
  2096 | D:5      | Killed an ogre
  2096 | D:5      | Reached skill level 5 in Evocations
  2097 | D:5      | Reached skill level 8 in Stealth
  2572 | D:5      | Killed themself with a badly aimed fireball

Action                   |  1- 3 |  4- 6 || total
-------------------------+-------+-------++-------
Melee: Short sword       |    52 |    18 ||    70
       Trident           |       |    27 ||    27
Evoke: Wand              |     5 |    14 ||    19
 Stab: Sleeping          |     9 |     1 ||    10
  Eat: Chunk             |       |     2 ||     2
       Bread ration      |       |     1 ||     1
